 Dungeon Crawl Stone Soup version 0.25.0-37-gb73750e0fb (webtiles) character file.

Game seed: 9383718166023802807

2408 Ethylacetat the Spear-Bearer (level 9, 0/64 HPs)
             Began as an Octopode Gladiator on July 9, 2020.
             Was an Initiate of Okawaru.
             Slain by a killer bee (7 damage)
             ... on level 7 of the Dungeon.
             The game lasted 00:12:11 (6656 turns).

Ethylacetat the Spear-Bearer (Octopode Gladiator)   Turns: 6656, Time: 00:12:12

Health: 0/64       AC:  1    Str: 16    XL:     9   Next: 47%
Magic:  9/9        EV: 18    Int: 10    God:    Okawaru [......]
Gold:   451        SH:  5    Dex: 14    Spells: 8/8 levels left

rFire    + . .     SeeInvis .   a - +0 trident
rCold    . . .     Gourm    .   (no shield)
rNeg     . . .     Faith    .   b - +0 hat
rPois    .         Spirit   .   o - amulet of reflection
rElec    .         Reflect  +   n - ring of flight
rCorr    .         Harm     .   h - ring of protection from fire
MR       +....                  x - ring of protection from magic
Stlth    +++.......             f - +4 ring of evasion
HPRegen  0.20/turn              D - ring of stealth
MPRegen  0.11/turn              (no ring)
                                (no ring)
                                (no ring)

@: mighty, lethally poisoned (0 -> 0), berserk cooldown, slowed, very slow
A: almost no armour, stealthy swim, amphibious, 8 rings, constrict 8, camouflage
1, gelatinous body 1
a: Renounce Religion, Evoke Flight


You were on level 7 of the Dungeon.
You worshipped Okawaru.
Okawaru was noncommittal.
You were near starving.

You visited 2 branches of the dungeon, and saw 8 of its levels.

You collected 451 gold pieces.

Inventory:

Hand Weapons
 a - a +0 trident (weapon)
Missiles
 c - 3 throwing nets (quivered)
Armour
 b - a +0 hat (worn)
Jewellery
 f - a +4 ring of evasion (on tentacle)
 h - a ring of protection from fire (right tentacle)
 n - a ring of flight (left tentacle)
 o - an amulet of reflection (around mantle)
 x - a ring of protection from magic (on tentacle)
 A - an uncursed amulet of the acrobat
 D - a ring of stealth (on tentacle)
Wands
 F - a wand of iceblast (9)
Scrolls
 g - a scroll of magic mapping {unknown}
 i - 4 scrolls of teleportation {unknown}
 j - 8 scrolls of identify {unknown}
 l - a scroll of enchant weapon {unknown}
 p - a scroll of remove curse {unknown}
 q - a scroll of blinking {unknown}
 t - a scroll of vulnerability {unknown}
 u - 2 scrolls of fog {unknown}
 w - a scroll of summoning {unknown}
 y - a scroll of enchant armour {unknown}
 B - a scroll of noise {unknown}
 C - a scroll of amnesia {unknown}
 E - 2 scrolls of immolation {unknown}
Potions
 e - a potion of haste
 m - a potion of might
 r - a potion of invisibility {unknown}
 s - a potion of mutation {unknown}
 v - 2 potions of curing {unknown}
 z - 2 potions of heal wounds {unknown}
Comestibles
 d - 11 rations
 k - 2 chunks of flesh


   Skills:
 + Level 7.4 Fighting
 * Level 10.5 Polearms
 - Level 2.0 Throwing
 - Level 3.0 Dodging


You had 8 spell levels left.
You didn't know any spells.
Your spell library contained the following spells:

 Spells                   Type           Power        Failure   Level  Hunger
 Animate Skeleton         Necr           N/A          36%         1    ##.....
 Apportation              Tloc           #.....       36%         1    ##.....
 Corona                   Hex            #......      36%         1    ##.....
 Summon Small Mammal      Summ           #...         36%         1    ##.....
 Ensorcelled Hibernation  Hex/Ice        #.....       50%         2    ###....
 Confusing Touch          Hex            #.......     75%         3    ####...
 Dazzling Flash           Conj/Hex       #.....       75%         3    ####...
 Tukima's Dance           Hex            #.......     75%         3    ####...


Dungeon Overview and Level Annotations

Branches:
Dungeon (7/15)             Temple (1/1) D:7

Altars:
Ashenzari
Cheibriados
Dithmenos
Elyvilon
Fedhas
Gozag
Hepliaklqana
Kikubaaqudgha
Makhleb
Okawaru
Qazlal
Ru
Sif Muna
Trog
Uskayaw
Vehumet
Xom
Yredelemnul
Zin
The Shining One


Innate Abilities, Weirdness & Mutations

You cannot wear most types of armour.
You are very stealthy in the water. (Stealth+)
You are amphibious.
You can wear up to eight rings at the same time.
You can use your tentacles to constrict eight enemies at once.
Your skin changes colour to match your surroundings (Stealth+).
Your rubbery body absorbs attacks. (AC +1, EV +1)


Message History

a killer bee corpse; a water moccasin corpse
k - 2 chunks of flesh You see here a quokka skeleton.
You feel sick.
w - a scroll labeled KIRIMI AF TIMI Your extra speed is starting to run out.
You feel sick.
An orc comes into view. It is wielding a -2 flail.
You feel sick.
Found 15 gold pieces.
The orc shouts!
You hear a shout!
You feel yourself slow down.
You puncture the orc!
You kill the orc!
Okawaru accepts your kill.
A killer bee comes into view.
The killer bee barely misses you.
You closely miss the killer bee. You grab the killer bee.
You constrict the killer bee.
You feel sick. The killer bee stings you!
You die...

###########
#.......÷.#
#.#######†#
#.#######.#####
#@##..........#
#y##.####.###.#
######## ... #.#
#.####
####...... .....
#.# #.W.W.
.........
....... #.#
###### ........
...y$.... #.#
....#!.
#.....#..... ..o
###.#.###.#.###.
.###...c #
....#.....# ##


You could see 2 killer bees.

Vanquished Creatures
  A hippogriff (D:7)
  A hungry ghost (D:7)
  A water moccasin (D:7)
  2 orc warriors
  An ice beast (D:3)
  2 ogres
  2 phantoms
  A centaur (D:6)
  4 bullfrogs
  A killer bee (D:7)
  4 scorpions
  A howler monkey (D:6)
  A crimson imp (D:6)
  2 orc priests
  A hound (D:6)
  An iguana (D:7)
  A centaur skeleton (D:6)
  Terence (D:2)
  Natasha (twice) (D:4)
  6 orc wizards
  5 worker ants
  A killer bee zombie (D:6)
  A hound skeleton (D:4)
  6 adders
  A shadow imp (D:7)
  3 oozes
  An adder skeleton (D:4)
  5 worms
  2 dart slugs
  5 leopard geckos
  15 orcs
  2 ball pythons
  8 bats
  4 giant cockroaches
  8 goblins
  9 hobgoblins
  6 jackals (D:4)
  3 kobolds
  8 quokkas
  3 frilled lizards
  A leopard gecko zombie (D:5)
  A quokka skeleton (D:5)
  6 rats
  A plant (D:2)
141 creatures vanquished.

Notes
Turn   | Place    | Note
-------+----------+-------------------------------------------
     0 | D:1      | Ethylacetat the Octopode Gladiator began the quest for the
                  | Orb.
     0 | D:1      | Reached XP level 1. HP: 14/14 MP: 1/1
   169 | D:1      | Reached XP level 2. HP: 19/19 MP: 2/2
   351 | D:1      | Reached XP level 3. HP: 20/25 MP: 3/3
   744 | D:2      | Noticed Terence
   750 | D:2      | Killed Terence
   750 | D:2      | Reached skill level 4 in Polearms
   802 | D:2      | Reached XP level 4. HP: 30/30 MP: 4/4
   831 | D:2      | Noticed an ogre
   842 | D:2      | Killed an ogre
   842 | D:2      | Reached skill level 5 in Polearms
   842 | D:2      | Reached XP level 5. HP: 33/36 MP: 5/5
  2187 | D:3      | Reached XP level 6. HP: 43/43 MP: 6/6
  2399 | D:3      | Noticed an ice beast
  2403 | D:3      | Killed an ice beast
  2403 | D:3      | Reached skill level 6 in Polearms
  3272 | D:4      | Reached XP level 7. HP: 39/49 MP: 7/7
  3367 | D:4      | Noticed Natasha
  3373 | D:4      | Killed Natasha
  3689 | D:4      | Noticed Natasha
  3697 | D:4      | Killed Natasha
  3697 | D:4      | Reached skill level 7 in Polearms
  3954 | D:5      | Entered Level 5 of the Dungeon
  4021 | D:5      | Reached skill level 5 in Fighting
  4495 | D:5      | Found a shimmering altar of Xom.
  4496 | D:5      | Found a shimmering altar of Xom.
  4570 | D:5      | Reached XP level 8. HP: 55/55 MP: 8/8
  4680 | D:5      | Found a shimmering altar of Xom.
  4807 | D:6      | Reached skill level 8 in Polearms
  5292 | D:6      | Reached skill level 9 in Polearms
  5369 | D:6      | Found a shattered altar of Ashenzari.
  5708 | D:7      | Reached XP level 9. HP: 41/63 MP: 9/9
  6050 | D:7      | Reached skill level 10 in Polearms
  6074 | D:7      | Noticed a skeletal warrior
  6203 | D:7      | Found a staircase to the Ecumenical Temple.
  6212 | Temple   | Entered the Ecumenical Temple
  6522 | Temple   | Became a worshipper of Warmaster Okawaru
  6656 | D:7      | Slain by a killer bee

Illustrated notes

Levels and vault maps discovered:
D:1:      wander_arrival_chamber, layout_basic
D:2:      wad_river_or_something, layout_basic, serial_forest,
          infiniplex_forest_clump_medium, infiniplex_forest_lined_corner,
          infiniplex_forest_lined_corner, infiniplex_forest_lined_2,
          infiniplex_forest_clump_small, infiniplex_forest_pool,
          corexii_corridor_pit, uniq_terence
D:3:      layout_loops_cross, first_ration
D:4:      layout_loops_corners, uniq_natasha
D:5:      layout_rooms, chequers_garden, xom_redecorated
D:6:      layout_rooms, basic_altar
D:7:      hangedman_cross_stitches, layout_loops_ring, temple_statues,
          enter_ossuary_5
Temple:   regret_index_temple_chain_breaker

Skill      XL: |  1  2  3  4  5  6  7  8  9 |
---------------+----------------------------+-----
Polearms       | 4 5 6 7 9 10 | 10.5
Fighting       | 3 4 5 6 7 |  7.4
Throwing       | |  2.0
Dodging        | |  3.0

Action                   |  1- 3 |  4- 6 |  7- 9 || total
-------------------------+-------+-------+-------++-------
Melee: Trident           |    44 |   152 |   230 ||   426
       Constrict         |     9 |    29 |    36 ||    74
       Tentacles         |     8 |    21 |    51 ||    80
Evoke: Wand              |       |       |     3 ||     3
  Use: Potion            |       |       |     3 ||     3
 Stab: Sleeping          |     8 |    16 |    10 ||    34
       Distracted        |       |       |     2 ||     2
  Eat: Chunk             |       |     7 |    13 ||    20
Armor: Skin              |     3 |     6 |     6 ||    15
Dodge: Dodged            |    15 |    53 |   145 ||   213
Block: Other             |       |       |    42 ||    42
